 Dungeon Crawl Stone Soup version 0.28-a0-48-gfd831c5874 (webtiles) character file.

Game seed: 6036167566159614377

12266 Spaninq the Basher (level 11, -5/93 HPs)
             Began as a Palentonga Wanderer on July 29, 2021.
             Was a High Priest of Wu Jian.
             Slain by a gargoyle (16 damage)
             ... on level 10 of the Dungeon.
             The game lasted 00:30:18 (10193 turns).

Spaninq the Basher (Palentonga Wanderer)           Turns: 10193, Time: 00:30:20

Health: -5/93      AC: 29    Str: 21    XL:     11   Next: 60%
Magic:  11/11      EV: 10    Int: 12    God:    Wu Jian [*****.]
Gold:   381        SH:  0    Dex:  8    Spells: 10/10 levels left

rFire   . . .      SeeInvis +   l - +2 whip (elec)
rCold   + . .      Faith    .   (no shield)
rNeg    + . .      Spirit   .   d - +2 ring mail {rN+}
rPois   .          Reflect  .   q - +2 helmet
rElec   .          Harm     .   i - +2 cloak
rCorr   .          Rampage  .   n - +1 pair of gloves
Will    .....                   (no barding)
Stlth   ..........              v - amulet of regeneration
HPRegen 1.25/turn               c - +4 ring of protection
MPRegen 0.12/turn               x - ring of protection from cold

@: studying Long Blades, curled up
A: large, rugged brown scales 3, see invisible, deformed body, roll 1, armoured
tail, reflexive curl
a: Rolling Charge, Renounce Religion, Wall Jump, Serpent's Lash, Heavenly Storm


You were on level 10 of the Dungeon.
You worshipped Wu Jian.
Wu Jian was extremely pleased with you.
You visited 2 branches of the dungeon, and saw 11 of its levels.

You collected 590 gold pieces.
You spent 209 gold pieces at shops.

Inventory:

Hand Weapons
 a - a +2 hand crossbow
 l - a +2 whip of electrocution (weapon)
Missiles
 b - 115 bolts
 y - a throwing net (quivered)
Armour
 d - a +2 ring mail of positive energy (worn)
 i - a +2 cloak (worn)
 n - a +1 pair of gloves (worn)
 q - a +2 helmet (worn)
Jewellery
 c - a +4 ring of protection (left hand)
 g - a ring of flight
 u - an amulet of the acrobat
 v - an amulet of regeneration (around neck)
 x - a ring of protection from cold (right hand)
 E - a +6 ring of intelligence
Wands
 h - a wand of flame (4)
 s - a wand of mindburst (9)
 F - a wand of charming (10)
Scrolls
 f - 5 scrolls of teleportation
 r - 2 scrolls of magic mapping
 t - a scroll of fear
 D - a scroll of blinking
Potions
 e - a potion of ambrosia {unknown}
 j - 2 potions of cancellation
 k - a potion of mutation {unknown}
 m - 2 potions of magic
 o - 2 potions of curing
 p - a potion of berserk rage {unknown}
 w - 2 potions of resistance
 z - 2 potions of flight
 A - a potion of invisibility
 B - 2 potions of heal wounds
 C - 2 potions of brilliance {unknown}


   Skills:
 + Level 8.5 Fighting
 * Level 11.9 Maces & Flails
 - Level 2.4 Crossbows
 + Level 7.2 Armour
 + Level 6.8 Dodging
 - Level 1.0 Shields
 - Level 1.0 Evocations


You had 10 spell levels left.
You didn't know any spells.
Your spell library contained the following spells:

 Spells                   Type           Power      Damage    Failure   Level
 Animate Skeleton         Necr           0%         N/A       45%         1
 Pain                     Necr           0%         1d4       45%         1
 Slow                     Hex            0%         N/A       58%         2
 Sublimation of Blood     Necr           0%         N/A       58%         2
 Confusing Touch          Hex            0%         N/A       83%         3
 Stone Arrow              Conj/Erth      0%         3d7       83%         3
 Vampiric Draining        Necr           0%         2d6       83%         3
 Animate Armour           Summ/Erth      0%         N/A       99%         4
 Passage of Golubria      Tloc           N/A        N/A       99%         4
 Petrify                  Tmut/Erth      0%         N/A       99%         4
 Blade Hands              Tmut           0%         N/A       100%        5
 Freezing Cloud           Conj/Ice/Air   0%         6-21      100%        5
 Irradiate                Conj/Tmut      0%         3d14      100%        5
 Silence                  Hex/Air        0%         N/A       100%        5
 Iron Shot                Conj/Erth      0%         9d1       100%        6
 Lehudib's Crystal Spear  Conj/Erth      0%         10d2      100%        8
 Necromutation            Tmut/Necr      0%         N/A       100%        8


Dungeon Overview and Level Annotations

Branches:
Dungeon (10/15)            Temple (1/1) D:6            Lair (0/6) D:9
    Orc: D:9-12

Altars:
Ashenzari
Cheibriados
Dithmenos
Elyvilon
Fedhas
Gozag
Hepliaklqana
Kikubaaqudgha
Makhleb
Nemelex Xobeh
Okawaru
Qazlal
Ru
Sif Muna
Trog
Uskayaw
Vehumet
Wu Jian
Xom
Yredelemnul
Zin
The Shining One

Shops:
D:7 *

Annotations:
D:10 Josephine


Innate Abilities, Weirdness & Mutations

You are completely covered in rugged brown scales. (AC +3, +7% HP)
You have supernaturally acute eyesight. (SInv)
Armour fits poorly on your strangely shaped body.
You can roll at nearby foes to attack.
You have a long armoured tail.
You curl defensively after being hit.


Message History

The gargoyle is severely damaged.
The gargoyle hits you but does no damage.
You hit the gargoyle but do no damage.
The gargoyle is severely damaged.
You hit the gargoyle but do no damage.
You tail-slap the gargoyle, but do no damage.
The gargoyle is severely damaged.
The gargoyle hits you with a +0 flail.
You closely miss the gargoyle.
The gargoyle is severely damaged.
You hit the gargoyle.
The gargoyle is almost destroyed.
The gargoyle hits you but does no damage.
You barely miss the gargoyle.
The gargoyle is almost destroyed.
You hit the gargoyle but do no damage.
The gargoyle is almost destroyed.
The gargoyle hurls a stone arrow at you.
The stone arrow hits you!
* * * LOW HITPOINT WARNING * * *
You barely miss the gargoyle.
The gargoyle is almost destroyed.
You hit the gargoyle but do no damage.
The gargoyle is almost destroyed.
The gargoyle hits you but does no damage.
You hit the gargoyle but do no damage.
The gargoyle is almost destroyed.
You barely miss the gargoyle.
Your tail-slap misses the gargoyle.
The gargoyle is almost destroyed.
The gargoyle hurls a stone arrow at you.
The stone arrow hits you!
* * * LOW HITPOINT WARNING * * *
Okay, then.
You spin and attack the gargoyle repeatedly.
You hit the gargoyle but do no damage.
Your tail-slap misses the gargoyle.
The gargoyle is almost destroyed.
You hit the gargoyle but do no damage.
The gargoyle is almost destroyed.
The gargoyle hits you with a +0 flail!
You die...

#. #.# ####### #.# #.....# #.#
#.....# #.## #.....# #.#.
#############.....#.#######.#.
.............9.....!..........
.######.#####@....#. ######.#.
#.#.### #.....# #.#. #...[.#
####### #.#. #.#.#.# #.#.
#.#.#.# #.## #.#.#.# #...
#.#.#.##### . #### #.#.......#
... .... #.###.#.......#
...W.########


You could see a gargoyle.

Vanquished Creatures
  2 centaur warriors (D:9)
  2 two-headed ogres (D:9)
  A skeletal warrior (D:9)
  A deep elf pyromancer (D:9)
  A kobold demonologist (D:9)
  A troll (D:10)
  Prince Ribbit (D:8)
  14 yaks
  3 wraiths (D:10)
  A vampire mosquito (D:9)
  4 water moccasins
  Duvessa (D:5)
  4 orc warriors
  An ice beast (D:6)
  2 sky beasts
  A black bear (D:8)
  An ogre (D:6)
  5 centaurs
  A boggart (D:9)
  2 phantoms
  2 bullfrogs (D:9)
  2 gnoll sergeants
  Dowan (D:5)
  4 scorpions
  A water moccasin zombie (D:5)
  A water moccasin skeleton (D:4)
  9 killer bees
  3 wights (D:8)
  3 howler monkeys
  A bullfrog zombie (D:7)
  10 centaur zombies
  3 gnoll shamans
  7 orc priests
  2 hounds (D:5)
  2 jellies
  Crazy Yiuf (D:5)
  4 iguanas
  11 orc wizards
  3 killer bee zombies
  A hound skeleton (D:4)
  21 gnolls
  8 adders
  A shadow imp (D:6)
  A white imp (D:7)
  2 adder skeletons (D:4)
  2 worms (D:2)
  2 dart slugs
  30 orcs
  11 ball pythons
  4 bats
  7 endoplasms
  5 giant cockroaches
  7 goblins
  5 hobgoblins
  7 jackals
  7 kobolds
  A quokka (D:5)
  2 frilled lizards
  8 rats
251 creatures vanquished.

Vanquished Creatures (others)
  A hobgoblin (D:1)
  A frilled lizard (D:1)
  A fungus (D:5)
3 creatures vanquished.

Grand Total: 254 creatures vanquished

Notes
Turn   | Place    | Note
-------+----------+-------------------------------------------
     0 | D:1      | Spaninq the Palentonga Wanderer began the quest for the
                  | Orb.
     0 | D:1      | Spaninq set off with the following items: a +2 hand
                  | crossbow, 27 bolts, a +0 shortbow, 24 arrows, a +0 ring
                  | mail
     0 | D:1      | Reached XP level 1. HP: 16/16 MP: 1/1
   103 | D:1      | Reached XP level 2. HP: 14/22 MP: 2/2
   332 | D:1      | Found a faded altar of an unknown god.
   487 | D:1      | Became a worshipper of the Wu Jian Council
   487 | D:1      | Reached * piety under Wu Jian
  1384 | D:2      | Reached skill level 3 in Maces & Flails
  1384 | D:2      | Reached XP level 3. HP: 27/28 MP: 3/3
  2220 | D:2      | Reached XP level 4. HP: 35/35 MP: 4/4
  2711 | D:3      | Reached ** piety under Wu Jian
  2726 | D:3      | Reached skill level 1 in Dodging
  2878 | D:3      | Found a glowing silver altar of Zin.
  2911 | D:3      | Found a burning altar of Makhleb.
  3007 | D:3      | Reached XP level 5. HP: 36/41 MP: 5/5
  3392 | D:3      | Reached skill level 4 in Maces & Flails
  3864 | D:4      | Reached *** piety under Wu Jian
  4030 | D:4      | Reached XP level 6. HP: 47/49 MP: 6/6
  4420 | D:4      | Reached skill level 5 in Maces & Flails
  4578 | D:5      | Entered Level 5 of the Dungeon
  4583 | D:5      | Noticed Duvessa
  4583 | D:5      | Noticed Dowan
  4618 | D:5      | Killed Duvessa
  4619 | D:5      | Gained mutation: You curl defensively after being hit.
                  | [Palentonga growth]
  4619 | D:5      | Reached XP level 7. HP: 27/55 MP: 7/7
  4633 | D:5      | Killed Dowan
  4846 | D:5      | Reached skill level 6 in Maces & Flails
  4907 | D:5      | Got Icri's Handbook of Flying Earth
  5240 | D:5      | Reached XP level 8. HP: 60/64 MP: 8/8
  5521 | D:5      | Found a runed translucent door.
  5522 | D:5      | Noticed Crazy Yiuf
  5542 | D:5      | Killed Crazy Yiuf
  5783 | D:6      | Reached skill level 7 in Maces & Flails
  5924 | D:6      | Reached skill level 5 in Fighting
  5931 | D:6      | Identified a scroll of acquirement
  5931 | D:6      | Acquired a manual of Long Blades
  6050 | D:6      | Found a basalt altar of Yredelemnul.
  6050 | D:6      | Found a broken altar of Ashenzari.
  6140 | D:6      | Got the Almanac of the Rocks and Unholy Secrets
  6168 | D:6      | Found a staircase to the Ecumenical Temple.
  6182 | D:6      | Reached **** piety under Wu Jian
  6205 | D:6      | Reached XP level 9. HP: 72/72 MP: 9/9
  6444 | D:7      | Found Dyam's Assorted Antiques.
  6577 | D:7      | Reached skill level 8 in Maces & Flails
  6604 | D:7      | Found an iron altar of Okawaru.
  6605 | D:7      | Found a shimmering blue altar of Sif Muna.
  6606 | D:7      | Found a snail-covered altar of Cheibriados.
  6606 | D:7      | Found a stormy altar of Qazlal.
  6732 | Temple   | Entered the Ecumenical Temple
  7197 | D:7      | Identified the +7 dagger "Tookug" {drain, +Blink rF+ Int+5}
  7386 | D:7      | Reached skill level 5 in Armour
  7519 | D:7      | Found a sparkling altar of Nemelex Xobeh.
  7698 | D:8      | Reached skill level 9 in Maces & Flails
  7842 | D:8      | Noticed Prince Ribbit
  7964 | D:8      | Reached skill level 5 in Dodging
  8086 | D:8      | Killed Prince Ribbit
  8087 | D:8      | Reached XP level 10. HP: 43/82 MP: 10/10
  8569 | D:9      | Found a staircase to the Lair.
  8744 | D:9      | Reached ***** piety under Wu Jian
  8745 | D:9      | Reached skill level 10 in Maces & Flails
  9004 | D:9      | Noticed a centaur warrior
  9018 | D:9      | Killed a centaur warrior
  9019 | D:9      | Noticed a deep elf pyromancer
  9038 | D:9      | Killed a deep elf pyromancer
  9069 | D:9      | Noticed a skeletal warrior
  9095 | D:9      | Killed a skeletal warrior
  9096 | D:9      | Reached skill level 11 in Maces & Flails
  9096 | D:9      | Reached XP level 11. HP: 41/88 MP: 11/11
  9145 | D:9      | Noticed a two-headed ogre
  9162 | D:9      | Killed a two-headed ogre
  9229 | D:9      | Noticed a two-headed ogre
  9237 | D:9      | Killed a two-headed ogre
  9272 | D:9      | Noticed a centaur warrior
  9287 | D:10     | Entered Level 10 of the Dungeon
  9287 | D:10     | Noticed Josephine
  9308 | D:9      | Killed a centaur warrior
  9512 | D:7      | Bought a scroll of enchant weapon for 165 gold pieces
  9512 | D:7      | Bought a scroll labelled BEIRRAROJE for 22 gold pieces
  9512 | D:7      | Bought a scroll labelled BOENEA GAUT SIJE for 22 gold
                  | pieces
 10193 | D:10     | Slain by a gargoyle

Illustrated notes

Levels and vault maps discovered:
D:1:      erik_arrival_orb_chamber, layout_loops_ring,
          shapermc_ecumenical_altar_pompeii, lemuel_old_faithful
D:2:      layout_loops_corners
D:3:      minmay_bubble_buster, layout_rooms, mainiacjoe_overflow_brackets,
          zin_scriptorium, bh_walls_and_bars
D:4:      layout_cave_pods
D:5:      layout_basic, item_on_display_b, uniq_duvessa, uniq_crazy_yiuf_cottage
D:6:      layout_loops_ring, mainiacjoe_overflow_divided_tiny,
          minmay_temple_entry_butterflies
D:7:      layout_basic, mainiacjoe_overflow_alcove_3,
          nemelex_diamond_rough_becter, moated_statue, nicolae_stop_n_shop_1,
          minmay_puff
D:8:      layout_cave_pools, corexii_corridor_pit, grunt_ministairs_5,
          minmay_misc_feat_four_crosses, uniq_prince_ribbit1
D:9:      layout_cave_pools, lair_entry_dummy, nzn_random_ring
D:10:     layout_basic, uniq_josephine
Temple:   nicolae_temple_figure_eight

Skill      XL: |  1  2  3  4  5  6  7  8  9 10 11 |
---------------+----------------------------------+-----
Maces & Flails | 3 4 5 6 7 9 11 | 11.9
Fighting       | 2 3 4 5 6 7 8 |  8.5
Armour         | 2 3 4 5 6 7 |  7.2
Dodging        | 1 2 3 4 5 6 |  6.8
Crossbows      | |  2.4
Shields        | |  1.0
Evocations     | |  1.0

Action                   |  1- 3 |  4- 6 |  7- 9 | 10-12 || total
-------------------------+-------+-------+-------+-------++-------
Melee: Short sword       |   109 |    13 |       |       ||   122
       Tailslap          |    13 |    22 |    79 |    61 ||   175
       Club              |       |    50 |       |       ||    50
       Whip              |       |    36 |   476 |   439 ||   951
       Flail             |       |   211 |   223 |       ||   434
 Fire: Hand crossbow     |     5 |       |       |       ||     5
Invok: Lunge             |     8 |    15 |    15 |    20 ||    58
       Whirlwind         |       |    14 |    40 |    33 ||    87
 Abil: Rolling Charge    |     1 |     9 |     2 |     2 ||    14
Evoke: Wand              |       |     4 |       |       ||     4
  Use: Scroll            |       |       |    16 |     6 ||    22
       Potion            |       |       |       |     1 ||     1
Armor: Ring mail         |    39 |   205 |   463 |   171 ||   878
Dodge: Dodged            |    36 |   143 |   313 |   142 ||   634

Table legend: (Time is in decaauts)
 A = Elapsed time spent in this place.
 B = Non-inter-level travel time spent in this place.
 C = Inter-level travel time spent in this place.
 D = Time resting spent in this place.
 E = Time spent auto-exploring this place.
 F = Levels seen in this place.
 G = Mean time per level.
                   A        B        C        D        E       F      G
               +--------+--------+--------+--------+--------+-----+--------+
         Total |   9980 |   9555 |    425 |    470 |   6658 |  11 |  907.3 |
       Dungeon |   9760 |   9346 |    414 |    470 |   6451 |  10 |  976.0 |
        Temple |    219 |    208 |     11 |      0 |    207 |   1 |  219.0 |
               +--------+--------+--------+--------+--------+-----+--------+

Top non-repeatable levels by time:
     D:2: 1353 daAuts
     D:1: 1179 daAuts
     D:4: 1161 daAuts
     D:5: 1081 daAuts
     D:3: 927 daAuts
     D:9: 893 daAuts
     D:8: 874 daAuts
     D:7: 872 daAuts
     D:6: 856 daAuts
    D:10: 561 daAuts
  Temple: 219 daAuts
